 Dungeon Crawl Stone Soup version 0.21-a0-371-gd56c60c (webtiles) character file.

7 JackS81 the Grave Robber (level 1, -2/13 HPs)
             Began as a Demonspawn Necromancer on Oct 16, 2017.
             Slain by a kobold
             ... wielding a +0 club
              (4 damage)
             ... on level 1 of the Dungeon.
             The game lasted 00:00:59 (301 turns).

JackS81 the Grave Robber (Demonspawn Necromancer)    Turns: 301, Time: 00:01:00

Health: -2/13      AC:  2    Str:  8    XL:     1   Next: 83%
Magic:  3/3        EV: 12    Int: 16    God:
Gold:   16         SH:  0    Dex: 13    Spells: 3/4 levels left

rFire    . . .     SeeInvis .   e - +0 club (curse)
rCold    . . .     Gourm    .   (no shield)
rNeg     . . .     Faith    .   a - +0 robe
rPois    .         Spirit   .   (no helmet)
rElec    .         Reflect  .   (no cloak)
rCorr    .         Harm     .   (no gloves)
MR       .....                  (no boots)
Stlth    ++........             (no amulet)
HPRegen  0.04/turn              (no ring)
MPRegen  0.08/turn              (no ring)

@: no status effects
A: no striking features
a: no special abilities


You were on level 1 of the Dungeon.
You were not hungry.

You visited 1 branch of the dungeon, and saw 1 of its levels.

You collected 16 gold pieces.

Inventory:

Hand Weapons
 e - a cursed +0 club (weapon)
Armour
 a - a +0 robe (worn)
Jewellery
 d - an uncursed ring of wizardry {unknown}
Scrolls
 f - a scroll of identify {unknown}
 g - 3 scrolls of random uselessness {unknown}
Books
 b - a book of Necromancy

   Spells                             Type                      Level
   a - Pain                           Necromancy                   1
   b - Animate Skeleton               Necromancy                   1
   c - Vampiric Draining              Necromancy                   3
   d - Regeneration                   Charms/Necromancy            3
   e - Animate Dead                   Necromancy                   4
   f - Control Undead                 Necromancy                   4
Comestibles
 c - a bread ration


   Skills:
 - Level 1.7 Dodging
 - Level 1.7 Stealth
 - Level 2.0 Spellcasting
 * Level 4.8 Necromancy


You had 3 spell levels left.
You knew the following spells:

 Your Spells              Type           Power        Failure   Level  Hunger
a - Pain                  Necr           ###.         2%          1    #......


Dungeon Overview and Level Annotations

Branches:
Dungeon (1/15)

Altars:


Message History

You see here a stone.
The kobold throws a stone.
The stone hits you but does no damage.
You see here a stone.
The kobold throws a stone.
The stone barely misses you.
A kobold comes into view. It is wielding a club.
Found 8 gold pieces.
You completely miss the kobold.
The kobold shouts!
The kobold hits you with a short sword.
You hit the kobold but do no damage. The kobold barely misses you. x2
You closely miss the kobold. The kobold hits you with a short sword.
* * * LOW HITPOINT WARNING * * *
The kobold hits you but does no damage. The kobold barely misses you.
You hit the kobold.
You kill the kobold!
The kobold completely misses you.
You completely miss the kobold. The kobold completely misses you.
You hit the kobold but do no damage. The kobold barely misses you.
The kobold hits you with a club.
You die...

$. .# . .# .#.## ...?
###############..#####
#≈≈≈≈≈≈≈≈≈≈≈≈≈#......
#≈≈≈≈≈≈≈≈≈≈≈≈≈#)K.#
#≈≈≈≈≈≈≈≈≈≈≈≈≈#@..#
#≈≈≈≈≈≈≈≈≈≈≈≈≈#...#
#≈≈≈≈≈...≈≈≈≈≈#(..#######
#≈≈≈≈..<..≈≈≈≈#.(........
#≈≈≈≈≈...≈≈≈≈≈#..(######
#≈≈≈≈≈≈≈≈≈≈≈≈≈#(..#
.#≈≈≈≈≈≈≈≈≈≈≈≈≈#...#
.#≈≈≈≈≈≈≈≈≈≈≈≈≈#...#
.#≈≈≈≈≈≈≈≈≈≈≈≈≈#...#


You could see a kobold.

Vanquished Creatures
  A giant cockroach (D:1)
  A hobgoblin (D:1)
  2 kobolds (D:1)
  A frilled lizard (D:1)
  2 rats (D:1)
7 creatures vanquished.

Notes
Turn   | Place    | Note
-------+----------+-------------------------------------------
     0 | D:1      | JackS81 the Demonspawn Necromancer began the quest for the Orb.
     0 | D:1      | Reached XP level 1. HP: 13/13 MP: 3/3
   301 | D:1      | Slain by a kobold

Vault maps used:
D:1:      zaba_arrival_water

Action                   || total
-------------------------++-------
Melee: Club              ||    16
 Cast: Pain              ||     3
 Stab: Sleeping          ||     1
Armor: Robe              ||     2
Dodge: Dodged            ||    18

Table legend:
 A = Spawn XP
 B = Non-spawn XP
 C = Spawn XP percentage of total XP
 D = Spawn monster count
 E = Non-spawn monster count
 F = Spawn count percentage of total count
 G = Total turns spent on level
                    A         B        C        D         E        F      G
               +---------+---------+-------+---------+---------+-------+---------
         Total |       0 |      10 |   0.0 |       0 |       7 |   0.0 |   301
               +---------+---------+-------+---------+---------+-------+---------
           D:1 |       0 |      10 |   0.0 |       0 |       7 |   0.0 |   301
               +---------+---------+-------+---------+---------+-------+---------
